[Event "Polish University-ch Open 2024"]
[Site "Lublin"]
[Date "2024.02.24"]
[Round "9.2"]
[White "Mis, Mieszko"]
[Black "Suder, Jakub"]
[Result "1/2-1/2"]
[ECO "E05"]
[WhiteElo "2325"]
[BlackElo "2333"]
[Annotator "TA"]
[PlyCount "70"]
[EventDate "2024.02.22"]
[EventType "swiss"]
[EventCountry "POL"]
[SourceTitle "playchess.com"]
[Source "ChessBase"]
[SourceQuality "1"]
[TimeControl "600+3"]

1. Nf3 e6 2. c4 d5 3. g3 Nf6 4. Bg2 Be7 5. O-O O-O 6. d4 dxc4 7. Qc2 b5 8. a4 b4 9. Nfd2 Nd5 10. Nxc4 {[%emt 0:00:15] White is slightly better.} ({Much worse is} 10. Qxc4 Ba6 11. Qc2 c5 (11... Bxe2 12. Re1 $17) 12. dxc5 Nd7 $17) 10... c5 11. dxc5 {[%emt 0:00:33] White wants to play e4.} Bxc5 12. Rd1 {[%emt 0:00:15] [#] And now e4 would win.} Nd7 $1 13. Nbd2 ({Of course not} 13. Bxd5 exd5 14. Be3 Bb7 (14... dxc4 15. Bxc5 Nxc5 16. Rxd8 $16) 15. Bxc5 Nxc5 $17) (13. e4 $11 N5f6 14. Be3 Bxe3 15. Nxe3) 13... Ba6 $15 14. Ne4 Be7 (14... Rc8 $17 {...Bxc4 would now be deadly.} 15. b3 Be7) 15. b3 (15. Ned6 $11) 15... Rc8 $17 16. Bb2 {[%emt 0:00:07] Dodges Ne5} N7b6 17. Ned2 Qc7 18. Rac1 Rfd8 19. Qb1 {[%emt 0:00:06] [#] The position is equal.} Nc3 $1 20. Bxc3 bxc3 21. Rxc3 Bb4 22. Rcc1 Nxc4 23. Nxc4 {[%emt 0:00:03][%cal Oc4d6] Threatens to win with Nd6!} Rxd1+ 24. Rxd1 Bxc4 25. bxc4 Qxc4 26. Be4 g6 27. Rd7 a5 28. Qd3 Qxd3 29. Bxd3 $11 {[%emt 0:00:03][%mdl 4096] Endgame. KRB-KRB} Kg7 30. Kg2 Kf6 31. Ra7 Re8 32. Bb5 Re7 33. Ra8 h5 34. h4 Rc7 35. Ra6 Ke5 {[%emt 0:01:33] Weighted Error Value: White=0.16 (very precise) /Black=0.11 (very precise) .  Mistake:       	White=2     	Black=1      Inaccurate:     	White=2     	Black=4      OK:         	White=7     	Black=13     Best:        	White=2     	Black=1      Strong:       	---       	Black=1} 1/2-1/2

[Event "Polish University-ch Open 2024"]
[Site "Lublin"]
[Date "2024.02.24"]
[Round "9.3"]
[White "Kowalski, Igor"]
[Black "Janik, Igor"]
[Result "0-1"]
[ECO "B06"]
[WhiteElo "2372"]
[BlackElo "2499"]
[Annotator "TA"]
[PlyCount "92"]
[EventDate "2024.02.22"]
[EventType "swiss"]
[EventCountry "POL"]
[SourceTitle "playchess.com"]
[Source "ChessBase"]
[SourceQuality "1"]
[TimeControl "600+3"]

1. d4 g6 2. e4 c6 3. Nc3 Bg7 4. h4 h6 5. Be3 Nf6 6. f3 {[%emt 0:00:06] B06: Modern Defence.} d6 7. Qd2 b5 8. O-O-O Bb7 9. Kb1 Nbd7 10. g4 Nb6 $146 ({Predecessor:} 10... a5 11. Nh3 Qc7 12. Bd3 b4 13. Ne2 c5 14. dxc5 Nxc5 15. Bb5+ Bc6 16. Bxc6+ Qxc6 {1-0 Manotas,S-Barros,R (2105) ATL-ch Barranquilla 2000 (2)}) 11. b3 h5 12. g5 Nfd7 13. f4 b4 14. Nce2 c5 15. Ng3 Qc7 ({Black should play} 15... a5 $11) 16. Nf3 (16. N1e2 $14 {keeps the upper hand.}) 16... a5 17. f5 c4 (17... O-O {is more complex.} 18. Rc1 gxf5 19. Nxh5 Bxe4 20. g6 Bxf3 21. Nxg7 Kxg7 22. Bg2 Bxg2 23. Bh6+ Kg8) 18. f6 (18. Rh2 $17 {was necessary.}) 18... exf6 $19 19. d5 fxg5 (19... a4 $1 $19 20. Bd4 axb3 21. axb3 c3) 20. Nxg5 (20. Bd4 $17 Bxd4 21. Qxd4) 20... Ne5 21. Be2 (21. Bd4 {was worth a try.}) 21... Ba6 22. Bd4 Nbd7 23. Rhf1 Rf8 $2 (23... c3 $19 24. Qe3 a4 25. bxa4 (25. Rxf7 axb3 26. cxb3 c2+ 27. Kc1 cxd1=N+ $19) 25... Bxe2 26. Qxe2 Qa5 (26... Rxa4 $2 27. Nxf7 O-O 28. Nxe5 $19)) 24. Nh7 $2 {[%emt 0:00:00][%mdl 8192] [#]} (24. Ne6 $1 $15 fxe6 25. dxe6) 24... a4 (24... c3 $1 $19 {[%mdl 512] and Black stays clearly on top.} 25. Bxe5 (25. Qc1 Bxe2) 25... Bxe5 (25... cxd2 $2 26. Bxg7 Rg8 27. Bd4 $17)) 25. Nxf8 (25. Qxb4 $17 axb3 26. cxb3) 25... Kxf8 26. Qxb4 axb3 27. axb3 (27. cxb3 {keeps fighting.} Nc5 28. Qc3) 27... cxb3 28. cxb3 Bxe2 ({Black should try} 28... Rb8 29. Qa3 Bxe2 30. Nxe2 Kg8) 29. Nxe2 $17 {[%emt 0:00:00] [#]} Rb8 (29... Nc5 $142 $1 30. Nc1 Nxe4) 30. Qc3 $17 Qd8 31. Nf4 Kg8 $1 32. Rg1 $2 (32. Ne6 $17 fxe6 33. dxe6) 32... Qxh4 (32... Nc5 $142 33. Bxc5 dxc5 34. Nxh5 c4 (34... Qxh4 35. Nxg7 Qxe4+ 36. Ka1 $14)) 33. Rdf1 $2 (33. Qg3 Qf6 34. Rg2) 33... Nc5 $19 34. Bxc5 dxc5 35. d6 c4 36. b4 Nc6 37. Nxg6 Qxe4+ (37... Rxb4+ 38. Kc1 fxg6 39. Rxg6 $15) 38. Qc2 Rxb4+ 39. Kc1 Qe3+ 40. Kd1 fxg6 41. Rxg6 Qd4+ 42. Kc1 Qa1+ ({But not} 42... Rb2 $2 43. Rxg7+ Qxg7 44. Qxb2 $18) 43. Kd2 Qxf1 44. Rxg7+ Kxg7 45. Qc3+ Qf6 46. Qg3+ Kh6 0-1

[Event "Polish University-ch Open 2024"]
[Site "Lublin"]
[Date "2024.02.24"]
[Round "9.4"]
[White "Brzezinski, Mateusz"]
[Black "Psyk, Radoslaw"]
[Result "1-0"]
[ECO "D02"]
[WhiteElo "2176"]
[BlackElo "2461"]
[Annotator "TA"]
[PlyCount "91"]
[EventDate "2024.02.22"]
[EventType "swiss"]
[EventCountry "POL"]
[SourceTitle "playchess.com"]
[Source "ChessBase"]
[SourceQuality "1"]
[TimeControl "600+3"]

1. d4 d5 2. Nf3 Nf6 3. c3 c5 4. dxc5 a5 5. b4 g6 (5... e6 $11) 6. e3 Bg7 7. Bb2 Ne4 8. Bb5+ {[%emt 0:01:10] White is slightly better.} Nc6 9. Nd4 Bd7 10. f3 Nf6 11. O-O O-O 12. Bxc6 bxc6 13. a4 (13. Nb3 $11) 13... e5 14. Nb3 Qb8 15. Qd2 (15. Nxa5 $2 Rxa5 16. e4 Ra7 $19 (16... dxe4 $2 17. fxe4 Ra7 18. Re1 $19)) 15... g5 $2 {[%emt 0:01:43] [#] White stays focused until the end.} (15... axb4 $1 $11 16. cxb4 Bh6) 16. Nxa5 $18 g4 17. c4 gxf3 18. gxf3 (18. Rxf3 $2 Ne4 19. Qe1 Rxa5 $17) 18... Kh8 (18... Bh6 $142) 19. Kh1 Rg8 20. b5 $2 (20. Rg1 $18 {has better winning chances.}) 20... e4 $2 (20... Bh6 $16 {is a better defense.}) 21. f4 (21. bxc6 Bh3 22. Rg1 exf3 (22... Rxa5 23. Rxg7 Kxg7 24. Qc3 $19) 23. Rxg7 (23. cxd5 $2 Ne4 $19) 23... Kxg7 $19) 21... Ng4 22. Bxg7+ (22. Nxc6 Bxc6 23. Rg1 (23. cxd5 Bxd5 24. Rg1 Bxb2 $11) (23. Bxg7+ Rxg7 24. bxc6 dxc4 $18) 23... Qc8 (23... Bxb2 24. Qxb2+ f6 25. Rxg4 $18) 24. bxc6 dxc4) 22... Rxg7 23. Nxc6 Qf8 (23... Bxc6 $142 24. bxc6 dxc4) 24. Qd4 (24. Qxd5 Nxh2 25. Nd2 (25. Kxh2 $2 Rg6 $19) 25... Bxc6 26. Qxc6 Rg6 $17) ({White should try} 24. Nc3 $18 Qxc5 25. Nxd5 (25. Qxd5 $2 Qxe3 26. Ne5 Rag8 $19) 25... Bxc6 26. bxc6 Qxc6 27. a5) 24... dxc4 (24... Bxc6 $16 25. bxc6 f6) 25. Nc3 $2 (25. Qxd7 $18 Qxc5 26. Ne5 Nxe3 27. Nc3 (27. Nxf7+ Kg8 $16) 27... Nxf1 28. Rxf1) 25... Be6 $2 (25... f6 $14 26. Qd6 (26. Qxe4 Re8 $19) (26. Nxe4 Qe8 $11) 26... Qf7) 26. f5 Bc8 27. Ra2 f6 28. Rg2 (28. Qxc4 $2 {perishes.} Nxe3 29. Qd4 (29. Qxe4 $2 Nxf1 30. Qd5 Bb7 $19) 29... Nxf1 $19) 28... Nh6 29. Rxg7 Kxg7 30. Qd5 Kh8 31. Nxe4 Rxa4 32. Nd6 Bd7 33. Nd4 Ra2 34. Rg1 ({Not} 34. Nxc4 Ng4 35. h4 (35. Qxd7 Qg8 $11) 35... Be8 $18) 34... Rd2 35. c6 Be8 36. Qe6 {[%emt 0:00:05] White mates.} c3 37. Qxe8 Qxe8 38. Nxe8 {[%emt 0:00:01] A dynamic duo of knights.} c2 {[%emt 0:00:03] [#]} 39. Nxc2 $1 Rxc2 (39... Nxf5 40. Nxf6) 40. Nxf6 {[%emt 0:00:04] KRN-KRN} Rc5 41. e4 Rxb5 42. Rc1 Rb8 43. c7 Rc8 44. Nd5 Ng4 45. Ne7 Rg8 46. Nxg8 {[%emt 0:00:02] Weighted Error Value: White=0.57/Black=0.67.  Loses game:     	---       	Black=4      Missed win:     	White=2     	---        Mistake:       	White=2     	Black=2      Inaccurate:     	White=1     	---        OK:         	White=5     	Black=5      Best:        	White=1     	---} (46. c8=R $2 Nf2#) 1-0

[Event "Polish University-ch Open 2024"]
[Site "Lublin"]
[Date "2024.02.24"]
[Round "9.5"]
[White "Niedbala, Bartlomiej"]
[Black "Walter, Szymon"]
[Result "1-0"]
[ECO "B46"]
[WhiteElo "2382"]
[BlackElo "2305"]
[Annotator "TA"]
[PlyCount "93"]
[EventDate "2024.02.22"]
[EventType "swiss"]
[EventCountry "POL"]
[SourceTitle "playchess.com"]
[Source "ChessBase"]
[SourceQuality "1"]
[TimeControl "600+3"]

1. e4 c5 2. Nf3 e6 3. d4 cxd4 4. Nxd4 Nc6 5. Nc3 a6 6. Nxc6 bxc6 7. Qd3 {[%emt 0:00:01] B46: Sicilian: Taimanov: 5 Nc3 a6.} d5 8. Qg3 Nf6 9. Be2 a5 10. O-O Ba6 11. Bxa6 Rxa6 12. Re1 $146 ({Predecessor:} 12. exd5 cxd5 13. Re1 g6 14. Qd3 Rb6 15. Bg5 Be7 16. Bxf6 Bxf6 17. Nxd5 Rxb2 18. Nxf6+ Qxf6 {0-1 Salinas Herrera,P (2514)-Hernandez Guerrero,G (2564) Iberoamericano Chess24 blitz 2020 (1.8)}) 12... Ra8 (12... Rb6 $11) 13. Bg5 (13. Be3 $1 $16) 13... Be7 $11 14. e5 (14. b3 {feels hotter.} O-O 15. Bh6 Nh5 16. Qg4) 14... Nh5 15. Bxe7 Qxe7 16. Qe3 g5 17. Ne2 O-O 18. Rad1 Ng7 19. Ng3 Rab8 20. b3 Rb4 21. Rd4 c5 (21... Rxd4 $11 22. Qxd4 h5) 22. Rdd1 $14 h5 23. c3 Rf4 24. Qe2 g4 (24... h4 $11 {remains equal.} 25. Nf1 f6) 25. c4 ({White should try} 25. Qe3 $16 Qg5 26. c4 (26. Qxc5 h4 $14)) 25... h4 26. Nf1 Re4 {[%emt 0:00:44] [#]} 27. Ne3 (27. Qc2 $1 $16) 27... Rxe5 $2 (27... dxc4 $1 $11 {and Black has nothing to worry.} 28. Qc2 (28. bxc4 Qg5 $17) 28... Rxe5) 28. cxd5 $2 (28. Nxd5 $1 $18 {and the rest is easy.} Rxd5 29. cxd5 (29. Rxd5 f5 $18)) 28... g3 29. f4 (29. hxg3 hxg3 30. fxg3 Rd8 $14) 29... Re4 {[%emt 0:00:03] [#]} 30. d6 $1 Qf6 $2 (30... gxh2+ $16 31. Kh1 (31. Kxh2 Qf6 $11) 31... Qd8) 31. Ng4 $18 gxh2+ 32. Kh1 $1 Qg6 33. Qxe4 Qxg4 34. d7 Rd8 35. Rd3 (35. Kxh2 $142 f6 36. f5 Qxe4 37. Rxe4) 35... Nf5 $2 (35... Nh5 {might work better.} 36. Kxh2 Nxf4) 36. Qf3 ({Don't take} 36. Kxh2 Nd4 37. f5 Qxe4 38. Rxe4 Kg7 39. fxe6 (39. Rxh4 exf5 40. Rhxd4 cxd4 $18) 39... Nxe6) 36... Qg7 37. Kxh2 Kf8 (37... Qg3+ $142 38. Qxg3+ hxg3+ 39. Kh3 Kf8) 38. Qf2 (38. Qc6 $142) 38... Qh6 $2 (38... Qg3+ 39. Qxg3 (39. Rxg3 hxg3+ $11) 39... hxg3+ 40. Kh1 (40. Kh3 Ke7 $18) 40... Ke7) 39. Qxc5+ $18 Kg8 40. Rf1 Kh7 41. Qxa5 Qf8 42. Rc1 Nh6 43. Qh5 Qg7 44. Qxh4 f6 45. Rg3 Qe7 46. Rh1 Rxd7 47. Qxh6+ 1-0

[Event "Polish University-ch Open 2024"]
[Site "Lublin"]
[Date "2024.02.24"]
[Round "9.6"]
[White "Snihur, Piotr"]
[Black "Dzida, Kamil"]
[Result "0-1"]
[ECO "E01"]
[WhiteElo "2278"]
[BlackElo "2403"]
[Annotator "TA"]
[PlyCount "90"]
[EventDate "2024.02.22"]
[EventType "swiss"]
[EventCountry "POL"]
[SourceTitle "playchess.com"]
[Source "ChessBase"]
[SourceQuality "1"]
[TimeControl "600+3"]

1. d4 Nf6 2. Nf3 e6 3. g3 d5 4. c4 Bb4+ 5. Nbd2 dxc4 6. Qc2 b5 7. Bg2 {[%emt 0:00:03] [#]} (7. a4 $1 $11 {remains equal.}) 7... Bb7 $1 $17 8. O-O {[%emt 0:00:07][%cal Od2c4] Black is better.} O-O 9. a3 Bxd2 10. Bxd2 Be4 11. Qc1 Nc6 {[%emt 0:00:01][%cal Oe4f3] White is weak on the light squares} 12. Bc3 a5 13. Rd1 Nd5 14. Bf1 {[%emt 0:00:49] [#]} Bxf3 $1 15. exf3 Qf6 16. f4 Rfd8 {[%emt 0:01:20] Black has more active pieces.} 17. Bg2 h6 18. a4 b4 19. Be1 (19. Bd2 {was called for.}) 19... Nxd4 $19 20. Qxc4 {[%emt 0:00:01] [#]} c5 21. Rd3 (21. Qd3 Rab8) 21... Rac8 22. Rad1 Qe7 (22... Nb6 $142 23. Qa6 Nxa4 24. Rxd4 cxd4 25. Qxa5 Nxb2) 23. b3 Qc7 {[%emt 0:00:18] aiming for ...Nb6.} 24. Bf1 Rd7 {[%emt 0:00:20] And now ...Nb6 would win.} 25. f3 Rcd8 {[%emt 0:00:15] Hoping for ...Nb6.} 26. Kg2 $2 (26. Rc1 {is more resistant.} Rc8 27. Qa6) 26... Nf5 {[%emt 0:00:09] A dynamic duo of knights.} 27. Bf2 {[%emt 0:00:02] [#] Against Nde3+} Nde3+ $1 28. Bxe3 Nxe3+ 29. Rxe3 {[%emt 0:00:01] Strongly threatening Rxd7.} Rxd1 30. Re5 Qd6 31. Rxc5 Qd2+ 32. Kh3 Qf2 {[%emt 0:00:09][%csl LRf1,LRf3] Black mates.} 33. Rc8 Rxc8 ({And not} 33... Qxf1+ 34. Qxf1 Rxf1 35. Rxd8+ Kh7 36. Kg2 $11) 34. Qxc8+ {[%emt 0:00:01] KQR-KQB} Kh7 35. Bc4 Rd2 36. f5 Qxh2+ 37. Kg4 Rd4+ 38. f4 h5+ 39. Kf3 Qh1+ 40. Ke3 Qg1+ 41. Kf3 Qd1+ 42. Ke3 Qd2+ 43. Kf3 Qc3+ 44. Kf2 Rd2+ 45. Be2 Qxc8 {[%emt 0:00:02] Weighted Error Value: White=0.84/Black=0.29 (precise) .  Mistake:       	White=3     	Black=1      Inaccurate:     	White=5     	Black=1      OK:         	White=7     	Black=8      Best:        	---       	Black=2      Strong:       	---       	Black=1      Brilliant:      	---       	Black=1} 0-1

[Event "Polish University-ch Open 2024"]
[Site "Lublin"]
[Date "2024.02.24"]
[Round "9.7"]
[White "Klepek, Witold"]
[Black "Baum, Jonasz"]
[Result "1-0"]
[ECO "B90"]
[WhiteElo "2262"]
[BlackElo "2400"]
[Annotator "TA"]
[PlyCount "109"]
[EventDate "2024.02.22"]
[EventType "swiss"]
[EventCountry "POL"]
[SourceTitle "playchess.com"]
[Source "ChessBase"]
[SourceQuality "1"]
[TimeControl "600+3"]

1. e4 c5 2. Nf3 d6 3. d4 cxd4 4. Nxd4 Nf6 5. Nc3 a6 6. Rg1 h5 7. Bg5 b5 8. Bd3 Bb7 {[%emt 0:00:41] The position is equal.} 9. a3 Nbd7 10. Qe2 g6 11. f4 (11. f3 $11) 11... Qb6 $15 12. Nf3 Bg7 13. O-O-O O-O 14. e5 (14. f5 $15) 14... dxe5 $17 15. fxe5 Nh7 (15... Ng4 $17 {White must now prevent ...b4.} 16. e6 Nc5 (16... Qxe6 17. Qxe6 fxe6 18. Bxg6 $16) 17. Bxe7 Nxe6 18. Bxf8 Rxf8) 16. e6 $11 (16. Bxe7 Rfe8 17. Bd6 Rad8 $17) 16... Qxe6 (16... Bxf3 $11 {keeps the balance.} 17. gxf3 Nxg5 18. exd7 (18. Rxg5 Bh6 $15) 18... Qf6) 17. Qxe6 (17. Bxe7 {seems wilder.} Qb6 18. Bxg6 Bh6+ 19. Kb1) 17... fxe6 18. Bxg6 (18. Bxe7 $16 Rf7 19. Bd6 Bxc3 20. bxc3) 18... Nxg5 (18... Bxf3 $11 19. Bxh7+ (19. Rxd7 Nxg5 20. gxf3 Nxf3 $19) 19... Kxh7 20. Rxd7 (20. gxf3 Ne5 $11) 20... Bc6 21. Rxe7 Rae8) 19. Nxg5 $16 (19. Rxd7 Bxf3 20. gxf3 Nxf3 $17) 19... Ne5 20. Be4 {[%emt 0:00:45] White is more active.} (20. Bh7+ $16 Kh8 21. Be4 Bxe4 22. Ncxe4) 20... Bxe4 $11 21. Ncxe4 Nc4 22. b3 (22. Nxe6 Bxb2+ 23. Kb1 Rfc8 $11) 22... Nxa3 (22... Ne3 $2 23. Rde1 Nd5 24. Nxe6 Bh6+ 25. Kb2 $18) 23. Nxe6 Rfc8 24. N4c5 {[%emt 0:00:30] aiming for Rd5. A dynamic duo of knights.} Rc6 {[%emt 0:00:15] Black is weak on the light squares} (24... Bh6+ $1 $11 25. Kb2 Be3) 25. Rd5 $16 Rac8 (25... Bh6+ $16 26. Kb2 b4) 26. Rg5 $1 $18 (26. Rxh5 Nxc2 27. Nxg7 (27. Kxc2 Rxe6 28. Rd1 Rh6 $17) 27... Rxc5 28. Rxc5 Rxc5 $11) 26... Kh8 {[%emt 0:00:43] And now ...Bh6 would win.} 27. Rxh5+ (27. Rxg7 Rxc5 28. Kb2 Nxc2 $11) 27... Kg8 28. Rg5 $2 (28. Re1 $1 $18 {Rg5 is the strong threat.} Bf6 29. Re3) 28... Kh8 $1 $14 29. Rh5+ (29. Rxg7 $14 Rxc5 30. Kb2) 29... Kg8 $18 {[%emt 0:00:01][%cal Oa3c2] [#]} 30. Rg5 $2 (30. Re1 $1 $18 {Rg5 would now be deadly.} Bf6 31. Re3) 30... Kh8 $1 $14 {[%emt 0:00:00] Threatens to win with ...Bh6.} 31. Rh5+ (31. Rxg7 $14 Rxc5 32. Kb2) 31... Kg8 $18 {[%emt 0:00:01][%cal Oa3c2] [#] White stays focused until the end.} 32. Rf1 $2 (32. Re1 $1 $18 {Hoping for Rg5.} Kf7 33. Re4) 32... Bf6 {[%emt 0:00:07][%mdl 8192] Prevents Rg5+.} (32... Nxc2 $1 $11 {and Black has nothing to worry.} 33. Rg5 (33. Kxc2 Rxe6 34. Rg5 Re5 $15) 33... Rxe6 34. Rxg7+ (34. Nxe6 $2 Nd4+ 35. Kb1 Nxe6 $19) 34... Kxg7 35. Nxe6+ Kg6) 33. Rf3 {[%emt 0:00:45] White wants to mate with Rg3+.} Rxe6 $2 (33... Kf7) 34. Nxe6 $2 (34. Rg3+ Kf8 35. Nxe6+ Kf7 36. Rc5) 34... Rxc2+ 35. Kd1 Rb2 (35... Rxg2 {was necessary.} 36. Nc5 (36. Rg3+ Rxg3 37. hxg3 a5 $18) 36... Rg1+ 37. Ke2 Nc2) 36. Nc7 a5 37. Nxb5 Nxb5 $2 (37... Rb1+ 38. Ke2 Rb2+ 39. Ke1 Nc2+ 40. Kd1 Nb4) 38. Rxb5 {[%emt 0:00:01][%mdl 4096] Endgame. KRR-KRB} Ra2 (38... Rxg2 {is a better defense.} 39. Rg3+ (39. Rxa5 Rxh2 40. Ra4 Kg7 $18) 39... Rxg3) 39. Rd5 Kf7 (39... Rxg2 $142 40. Rg3+ (40. Rxa5 Rxh2 41. Ra4 Kf7 $18) 40... Rxg3) 40. Rd2 Ra1+ 41. Ke2 Ke6 42. Kf2 Bh4+ 43. g3 Bf6 44. h4 Rb1 45. Kg2 Rc1 46. Re2+ Kd7 47. Rf5 {[%emt 0:00:04] Wards off Rc5} Bc3 48. Rb5 Bb4 49. h5 Rc6 50. g4 Ke8 51. Rf5 e6 52. Rf3 Ke7 53. g5 Rc5 54. Rg3 {[%emt 0:00:01] Strongly threatening h6.} Bc3 55. Rc2 {[%emt 0:00:04] Weighted Error Value: White=0.51/Black=0.55.  Loses game:     	---       	Black=1      Missed win:     	White=3     	---        Mistake:       	White=7     	Black=10     Inaccurate:     	White=4     	Black=3      OK:         	White=13    	Black=9      Best:        	White=1     	Black=7      Strong:       	---       	Black=2} 1-0

[Event "Polish University-ch Open 2024"]
[Site "Lublin"]
[Date "2024.02.24"]
[Round "9.8"]
[White "Szustakowski, Antoni"]
[Black "Posluszny, Tomasz"]
[Result "1/2-1/2"]
[ECO "E20"]
[WhiteElo "2354"]
[BlackElo "2001"]
[Annotator "ChessBase"]
[PlyCount "101"]
[EventDate "2024.02.22"]
[EventType "swiss"]
[EventCountry "POL"]
[SourceTitle "playchess.com"]
[Source "ChessBase"]
[SourceQuality "1"]
[TimeControl "600+3"]

1. d4 Nf6 2. c4 e6 3. Nc3 Bb4 4. f3 c5 5. d5 b5 6. e4 d6 7. Nge2 bxc4 8. Nf4 e5 9. Nfe2 Nbd7 10. Ng3 Nb6 11. Be2 O-O 12. O-O Bxc3 13. bxc3 Bd7 14. a4 a5 15. f4 Ne8 16. fxe5 dxe5 17. Be3 Rc8 18. Bg4 Nd6 19. Bxd7 Qxd7 20. Qc2 Rc7 21. Rfb1 Rb8 22. Rb2 Qc8 23. Rab1 Rcb7 24. Qd1 Nd7 25. Qc2 Rxb2 26. Rxb2 Rb7 27. h3 Qb8 28. Rxb7 Qxb7 29. Qf2 Nxe4 30. Nxe4 Qb1+ 31. Kh2 Qxe4 32. d6 Qd5 33. Qh4 f6 34. Qg4 Qxd6 35. Qxc4+ Kf8 36. Qb5 Qc7 37. c4 e4+ 38. Kh1 f5 39. Bd2 Qd6 40. Qxa5 Ke7 41. Bg5+ Kf7 42. Qd8 Qd1+ 43. Kh2 Qd6+ 44. g3 h6 45. Bf4 Qd3 46. Qa8 Qe2+ 47. Kg1 Qe1+ 48. Kg2 Qe2+ 49. Kg1 Qe1+ 50. Kg2 Qe2+ 51. Kg1 1/2-1/2

[Event "Polish University-ch Open 2024"]
[Site "Lublin"]
[Date "2024.02.24"]
[Round "9.9"]
[White "Lukasiewicz, Krzysztof"]
[Black "Skurniak, Szymon"]
[Result "1-0"]
[ECO "D00"]
[WhiteElo "2290"]
[BlackElo "2096"]
[Annotator "TA"]
[PlyCount "59"]
[EventDate "2024.02.22"]
[EventType "swiss"]
[EventCountry "POL"]
[SourceTitle "playchess.com"]
[Source "ChessBase"]
[SourceQuality "1"]
[TimeControl "600+3"]

1. d4 Nf6 2. Bf4 d5 3. e3 c5 4. Nc3 e6 5. Nb5 Na6 6. c3 Be7 7. Nf3 O-O 8. h4 {[%emt 0:00:05] The position is equal.} Ne4 9. a4 b6 10. Bd3 f5 {[%emt 0:00:59] [#]} 11. g4 {[%emt 0:01:31] White is more active.} c4 (11... cxd4 $11 {keeps the balance.} 12. Nbxd4 Nac5 (12... fxg4 13. Nc6 $11)) 12. Bc2 $16 Bd7 13. gxf5 Bxb5 (13... exf5 $16 14. Ne5 Kh8) 14. axb5 $18 Nc7 15. fxe6 Rxf4 $2 (15... Nxe6 16. Be5 Rf5) 16. exf4 Nxe6 17. Ng5 Bxg5 18. fxg5 Nf4 19. Qg4 {[%emt 0:00:37] Prevents Ng2+} (19. Qf3 Qf8 20. Kd1 Nd3 21. Qxf8+ Rxf8 22. Bxd3 (22. Rxa7 $2 {is the wrong capture.} Ndxf2+ 23. Kc1 Nxh1 $19) 22... Nxf2+ 23. Kd2 Nxh1 24. Rxh1 cxd3 $16) 19... Qd6 20. O-O Rf8 21. Bxe4 dxe4 22. Rxa7 Ne6 (22... h5 $142 23. gxh6 Qxh6) 23. Re1 Rf4 24. Qg3 Qd5 25. Re3 Qf5 {[%emt 0:00:11][%cal Of4g4] Strongly threatening ...Rg4!} 26. Kf1 Qxb5 27. Re7 Qf5 {[%emt 0:00:00] [#]} 28. Rxe6 $1 {[%emt 0:00:06] White mates.} Rg4 (28... b5 29. Re8+) 29. Qb8+ Kf7 30. Qe8# {[%emt 0:00:02] Black got outplayed after the opening.   Weighted Error Value: White=0.54/Black=0.70.  Mistake:       	White=1     	Black=4      Inaccurate:     	White=1     	Black=4      OK:         	White=9     	Black=4} 1-0

[Event "Polish University-ch Open 2024"]
[Site "Lublin"]
[Date "2024.02.24"]
[Round "9.10"]
[White "Smieszek, Wojciech"]
[Black "Chylewski, Patryk"]
[Result "0-1"]
[ECO "C86"]
[WhiteElo "2130"]
[BlackElo "2285"]
[Annotator "TA"]
[PlyCount "92"]
[EventDate "2024.02.22"]
[EventType "swiss"]
[EventCountry "POL"]
[SourceTitle "playchess.com"]
[Source "ChessBase"]
[SourceQuality "1"]
[TimeControl "600+3"]

1. e4 e5 2. Nf3 Nc6 3. Bb5 a6 4. Ba4 Nf6 5. Qe2 b5 6. Bb3 Be7 7. O-O d6 8. c3 O-O 9. d3 Na5 10. Bc2 c5 11. Bg5 Nc6 12. Re1 {[%emt 0:00:06] The position is equal.} Re8 13. Nbd2 h6 14. Bxf6 Bxf6 15. Nf1 Be6 16. Ne3 Ne7 17. Rad1 Nc6 (17... Bxa2 $6 18. b3 $16) 18. Nd5 Bxd5 19. exd5 Ne7 20. Qe4 {[%emt 0:00:14] [#] And now d4 would win.} g6 21. b4 Rc8 22. bxc5 Rxc5 23. d4 exd4 (23... Rxd5 $2 24. Bb3 $18) 24. cxd4 Rc8 (24... Rxd5 25. Bb3 Rf5 26. g4 $16) 25. Ne5 $2 dxe5 26. dxe5 {[%emt 0:00:01][%cal Od5d6] [#]} Nf5 27. e6 Qc7 28. Bb3 Nd6 29. Qg4 Bg7 (29... Kg7 $19 {...Nf5 is the strong threat.} 30. a4 Qb6) 30. h4 (30. exf7+ $17 {was necessary.} Qxf7 31. Re6) 30... h5 $19 31. Qf4 {[%emt 0:00:09] Black must now prevent exf7+.} Re7 (31... Kh7 $19 {...a5 would now be deadly.} 32. g3 Qe7) 32. Rc1 $15 Qd8 33. Rxc8 Nxc8 34. exf7+ Kf8 $1 (34... Rxf7 $2 {perishes.} 35. d6 Nxd6 (35... Qxd6 36. Qxf7+ Kh7 37. Re6 Qd3 38. Re8 Qb1+ 39. Kh2 Kh6 40. Qf4+ Kh7 41. Rxc8) 36. Rd1 $18 (36. Bxf7+ Nxf7 37. g3 Qd5 $17)) 35. Rd1 (35. Re6 $15) 35... Nd6 36. Qg5 Qd7 ({Better is} 36... Rd7 {Strongly threatening ...Qxg5.} 37. Qxg6 Qxh4) 37. Qxg6 $17 Rxf7 38. Re1 Qd8 39. Qxh5 Qf6 $36 {[%emt 0:00:03][%mdl 2048] Keeping White busy.} 40. Qe2 Kg8 {[%emt 0:00:02] White is weak on the dark squares} ({Black should play} 40... Qxh4 $17 {( -> ...Bd4)} 41. g3 Qf6) 41. g3 $11 Qf5 {[%emt 0:00:03] aiming for ...Bd4.} 42. Bc2 Qf6 43. f4 Qd4+ 44. Qe3 $2 (44. Kh2 $11) 44... Qxe3+ $19 {[%emt 0:00:04] Black is clearly winning.} (44... Qxd5 45. Bb3 Nc4 46. Qe8+ Bf8 47. Re6 $17) 45. Rxe3 Bd4 46. Kf2 Nc4 {[%emt 0:00:01] Weighted Error Value: White=0.44/Black=0.27 (precise) .  Loses game:     	White=3     	---        Missed win:     	---       	Black=1      Mistake:       	White=1     	Black=3      Inaccurate:     	White=2     	Black=1      OK:         	White=12    	Black=12     Best:        	White=4     	---        Strong:       	---       	Black=1} 0-1